 Dungeon Crawl Stone Soup version 0.30-a0-629-gd54f4be4f7 (webtiles) character file.

Game seed: 8853664330027881237

59 testman the Gusty (level 4, -2/24 HPs)
             Began as a Tengu Air Elementalist on Jan 12, 2023.
             Slain by Crazy Yiuf
             ... wielding a +3 quarterstaff of chaos
              (20 damage)
             ... on level 2 of the Dungeon.
             The game lasted 00:06:03 (1697 turns).

testman the Gusty (Tengu Air Elementalist)          Turns: 1697, Time: 00:06:03

Health: -2/24      AC:  2    Str:  8    XL:     4   Next: 3%
Magic:  8/9        EV: 12    Int: 17    God:
Gold:   134        SH:  0    Dex: 15    Spells: 2/8 levels left

rFire   . . .      SeeInvis .    m - +1 rapier (venom)
rCold   . . .      Faith    .    (no shield)
rNeg    . . .      Spirit   .    a - +0 robe
rPois   .          Reflect  .    (helmet restricted)
rElec   .          Harm     .    (no cloak)
rCorr   .          Rampage  .    (no gloves)
Will    .....                    (boots unavailable)
Stlth   ++                       (no amulet)
HPRegen 0.24/turn                p - ring of wizardry
MPRegen 0.11/turn                (no ring)

@: no status effects
A: beak, talons 3
a: no special abilities


You were on level 2 of the Dungeon.
You visited 1 branch of the dungeon, and saw 2 of its levels.

You collected 134 gold pieces.

Inventory:

Hand Weapons
 f - a +0 dagger
 m - a +1 rapier of venom (weapon)
Armour
 a - a +0 robe (worn)
Jewellery
 p - a ring of wizardry (left hand)
Scrolls
 c - a scroll of noise {unknown}
 d - a scroll of acquirement {unknown}
 e - 2 scrolls of blinking {unknown}
 g - a scroll of teleportation {unknown}
 h - 2 scrolls of fear {unknown}
 j - a scroll of butterflies {unknown}
 o - a scroll of vulnerability {unknown}
 q - a scroll of enchant armour {unknown}
Potions
 b - a potion of magic
 i - a potion of curing {unknown}
 k - a potion of attraction {unknown}
 l - 3 potions of heal wounds {unknown}
 n - a potion of lignification {unknown}


   Skills:
 + Level 0.8 Fighting
 - Level 2.1 Dodging
 - Level 2.0 Stealth
 + Level 2.7 Spellcasting
 + Level 2.8 Conjurations
 + Level 4.8 Air Magic


You had 2 spell levels left.
You knew the following spells:

 Your Spells              Type           Power      Damage    Failure   Level
a - Shock                 Conj/Air       60%        1d6       1%          1
b - Static Discharge      Conj/Air       30%        2-4/arc   2%          2
c - Swiftness             Air            18%        N/A       3%          3

Your spell library contained the following spells:

 Spells                   Type           Power      Damage    Failure   Level
 Magic Dart               Conj           48%        1d5       2%          1
 Searing Ray              Conj           24%        2d5       3%          2
 Airstrike                Air            9%         2d(2-18)  11%         4
 Fulminant Prism          Conj/Hex       3%         3d5       36%         4


Dungeon Overview and Level Annotations

Branches:
Dungeon (2/15)

Altars:

Annotations:
D:2 Crazy Yiuf


Innate Abilities, Weirdness & Mutations

You have a beak for a mouth.
You have claws for feet.


Message History

You kill the hobgoblin!
q - a scroll labelled ECKAHA VIRO
Found 7 stones.
A kobold comes into view. It is wielding a +0 whip.
Aiming: Shock (safe; 1% risk of failure)
Press: ? - help, Q - select action, (/) - cycle Shift-Dir - straight line, f - kobold
Aim: a kobold, wielding a +0 whip and quivering stones (asleep, 100% to hit)
The zap hits the kobold.
You kill the kobold!
You see here 7 stones.
You now have 134 gold pieces (gained 8).
Things that are here:
a +0 whip; a stone; a kobold corpse
Found a hammer.
Found a hammer.
Found a hammer.
You see here a +0 hammer.
You see here a +0 hammer.
Found seven hammers.
Found a runed translucent door.
You see here a +0 hammer.
Found a hammer.
You see here a +0 hammer.
You see here a +0 hammer.
Found a glowing hammer, a runed hammer and a hammer.
Crazy Yiuf shouts!
You see here a +0 hammer.
You open the door.
Aiming: Shock (safe; 1% risk of failure)
Press: ? - help, Q - select action, (/) - cycle Shift-Dir - straight line, f - Crazy Yiuf
Aim: Crazy Yiuf, wielding a +3 quarterstaff of chaos and wearing a +0 cloak (75% to hit)
The zap hits Crazy Yiuf.
Crazy Yiuf is moderately wounded.
Crazy Yiuf laughs, "Two unthinkable toodlewoodle!"
You barely miss Crazy Yiuf.
Crazy Yiuf is moderately wounded.
Crazy Yiuf screams, "Whippet eyeball shrimp!"
Crazy Yiuf hits you with a +3 quarterstaff of chaos.
You are electrocuted!!
Ouch! That really hurt!
You die...

.......# #
# #....#
####...##
#....#
###.....##
#....#
##....>..#
##..)#
#.........#
##)##
'.........+
##)#
#.........#
#)##
##.......##
##)#
###.....##
#@##
##...## #g#
..## )))
#.# #)))# .
#).)# #####


You could see Crazy Yiuf.

Vanquished Creatures
  3 gnolls (D:2)
  A dart slug (D:2)
  2 endoplasms (D:1)
  2 goblins
  5 hobgoblins
  2 quokkas
  2 ball pythons (D:1)
  4 bats
  3 kobolds
  3 rats (D:1)
27 creatures vanquished.

Notes
Turn   | Place    | Note
-------+----------+-------------------------------------------
     0 | D:1      | testman the Tengu Air Elementalist began the quest for the
                  | Orb.
     0 | D:1      | Reached XP level 1. HP: 10/10 MP: 4/4
   253 | D:1      | Reached XP level 2. HP: 15/15 MP: 4/6
   507 | D:1      | Learned a level 2 spell: Static Discharge
  1348 | D:2      | Reached XP level 3. HP: 19/19 MP: 5/7
  1352 | D:2      | Learned a level 3 spell: Swiftness
  1366 | D:2      | Found a faded altar of an unknown god.
  1583 | D:2      | Reached XP level 4. HP: 24/24 MP: 9/9
  1691 | D:2      | Found a runed translucent door.
  1692 | D:2      | Noticed Crazy Yiuf
  1697 | D:2      | Slain by Crazy Yiuf

Illustrated notes

Levels and vault maps discovered:
D:1:      dpeg_arrival_arbitrary_c, layout_loops_cross
D:2:      cheibrodos_old_hovel, layout_loops_corners,
          ebering_ecumenical_altar_rust, minmay_pentomino_u2,
          uniq_crazy_yiuf_cottage

Skill      XL: |  1  2 |
---------------+-------+-----
Conjurations   | 2 |  2.8
Fighting       | |  0.8
Dodging        | |  2.1
Stealth        | |  2.0
Spellcasting   | |  2.7
Air Magic      | |  4.8

Action                   |  1- 3 |  4- 6 || total
-------------------------+-------+-------++-------
Melee: Kick              |     4 |     3 ||     7
       Unarmed           |     2 |       ||     2
       Rapier            |    10 |     6 ||    16
       Dagger            |     4 |       ||     4
       Peck              |     1 |     1 ||     2
 Cast: Shock             |    39 |     2 ||    41
 Stab: Sleeping          |     2 |       ||     2
Armor: Robe              |     4 |     1 ||     5
Dodge: Dodged            |     9 |     1 ||    10

Table legend: (Time is in decaauts)
 A = Elapsed time spent in this place.
 B = Non-inter-level travel time spent in this place.
 C = Inter-level travel time spent in this place.
 D = Time resting spent in this place.
 E = Time spent auto-exploring this place.
 F = Levels seen in this place.
 G = Mean time per level.
                   A        B        C        D        E       F      G
               +--------+--------+--------+--------+--------+-----+--------+
         Total |   1698 |   1666 |     32 |     19 |   1453 |   2 |  849.0 |
       Dungeon |   1698 |   1666 |     32 |     19 |   1453 |   2 |  849.0 |
               +--------+--------+--------+--------+--------+-----+--------+

Top non-repeatable levels by time:
     D:1: 972 daAuts
     D:2: 725 daAuts
